AoeStats
← TKBXPT2214

Nomad

505578243Analyzed
4v4 RM · 24d ago on Sep 10, 2026· 51m 36s· 8 players
Game mode
Random Map
Map size
231×231
Population
200
Speed
Normal
Resources
Standard
Victory
Conquest
Starting age
Dark Age
Ending age
Imperial Age
RankedLock teamsTeams togetherTeam positionsShared explorationLock speedFull tech treeHidden civsTurbo modeCheats
Victory
Defeat
🇦🇷 Spanish · Argentina
1064
+18
🇺🇸 Poles · United States
1032
+20
🇦🇷 Byzantines · Argentina
1032
+20
🇲🇽 Japanese · Mexico
1031
+20
🇦🇷 Bulgarians · Argentina
1147
-21
🇦🇷 Khmer · Argentina
1142
-20
🇦🇷 Romans · Argentina
1099
-19
🇦🇷 Aztecs · Argentina
1075
-18
davidAOE
5:21 Loom
17:09 Feudal Age
17:43 Double-Bit Axe
21:12 Horse Collar
21:23 Gold Mining
24:28 Castle Age
22:58 Fishing Lines
24:22 Forging
24:18 Scale Barding Armor
24:28 Stone Mining
24:59 Scale Mail Armor
25:31 Gillnets
26:32 Gold Shaft Mining
27:19 Medium Warships
27:57 Stone Shaft Mining
35:34 Heavy Plow
35:49 Bow Saw
35:42 Fletching
37:38 Wheelbarrow
41:28 Imperial Age
39:52 Husbandry
40:38 Iron Casting
41:54 Hand Cart
42:29 Chain Barding Armor
42:06 Bodkin Arrow
42:40 Logistica
42:33 Elite Cataphract
44:50 Plate Barding Armor
44:46 Crop Rotation
44:55 Conscription
46:20 Hoardings
50:22 Bracer
50:22 Scale Mail Armor
51:57 Two-Man Saw
DJSTONKS
9:47 Loom
14:50 Feudal Age
15:36 Double-Bit Axe
16:17 Town Watch
21:04 Castle Age
22:27 Wheelbarrow
21:33 Crossbowman
22:44 Fletching
24:19 Thumb Ring
25:34 Bodkin Arrow
26:04 Bow Saw
26:47 Horse Collar
28:41 Guard Tower
29:36 Squires
31:36 Ballistics
34:51 Imperial Age
35:07 Arbalester
36:02 Bracer
39:11 Padded Archer Armor
39:20 Heavy Plow
42:07 Light Cavalry
42:48 Husbandry
42:58 Bloodlines
43:12 Conscription
43:24 Lechitic Legacy
43:22 Winged Hussar
44:34 Scale Barding Armor
46:17 Chain Barding Armor
46:09 Forging
48:45 Hand Cart
49:13 Iron Casting
TKBXPT2214
7:08 Loom
15:17 Feudal Age
17:04 Wheelbarrow
22:13 Castle Age
20:36 Double-Bit Axe
22:06 Scale Barding Armor
29:49 Hand Cart
29:46 Husbandry
29:57 Bloodlines
29:46 Stone Mining
33:16 Gold Mining
34:02 Stone Shaft Mining
37:08 Imperial Age
35:17 Chain Barding Armor
37:34 Forging
37:11 Cavalier
38:17 Conscription
39:12 Iron Casting
41:48 Blast Furnace
43:49 Bow Saw
47:41 Plate Barding Armor
47:13 Paladin
50:18 Two-Man Saw
49:23 Fletching
preCoss
10:44 Loom
13:24 Feudal Age
17:29 Castle Age
16:57 Double-Bit Axe
18:43 Fishing Lines
19:55 Bow Saw
20:59 Medium Warships
21:11 Horse Collar
22:02 Heavy Plow
24:57 Fishing Lines
25:32 Gold Mining
25:48 Stone Mining
25:53 Gillnets
27:48 Gold Shaft Mining
28:04 Scale Mail Armor
29:05 Wheelbarrow
29:57 Chain Mail Armor
31:18 Forging
31:33 Hand Cart
35:12 Imperial Age
33:28 Iron Casting
32:56 Squires
34:39 Gambesons
34:40 Arson
35:19 Elite Samurai
36:33 Plate Mail Armor
37:11 Two-Man Saw
37:27 Blast Furnace
37:17 Conscription
37:36 Hoardings
36:33 Pikeman
37:45 Halberdier
38:20 Fletching
40:02 Bodkin Arrow
41:20 Scale Barding Armor
41:26 Bracer
42:40 Chain Barding Armor
42:35 Bloodlines
43:15 Husbandry
42:36 Light Cavalry
43:20 Bracer
44:25 Chemistry
43:46 Ballistics
43:37 Masonry
44:52 Treadmill Crane
45:54 Padded Archer Armor
47:21 Leather Archer Armor
47:20 Murder Holes
49:56 Ring Archer Armor
50:15 Yasama
50:12 Guard Tower
52:50 Keep
Perón
6:14 Loom
13:45 Feudal Age
19:05 Castle Age
17:12 Stone Mining
18:00 Fletching
18:19 Fishing Lines
20:14 Bodkin Arrow
23:38 Forging
24:23 Town Watch
25:50 Double-Bit Axe
28:14 Wheelbarrow
28:02 Horse Collar
30:56 Squires
32:42 Hand Cart
33:43 Heavy Plow
35:05 Scale Mail Armor
39:41 Bow Saw
41:07 Elite Skirmisher
42:12 Gold Mining
44:57 Imperial Age
43:06 Padded Archer Armor
45:28 Ballistics
45:44 Leather Archer Armor
Capiango2.0
3:05 Loom
4:10 Loom
14:46 Feudal Age
17:41 Castle Age
16:12 Double-Bit Axe
16:08 Horse Collar
19:00 Bow Saw
18:52 Heavy Plow
20:05 Wheelbarrow
21:14 Hand Cart
21:23 Hand Cart
33:31 Imperial Age
31:22 Scale Barding Armor
31:54 Husbandry
32:05 Bloodlines
34:19 Chain Barding Armor
33:54 Elite Battle Elephant
35:22 Forging
36:53 Plate Barding Armor
39:01 Iron Casting
38:52 Town Watch
40:09 Blast Furnace
39:26 Tusk Swords
40:03 Heavy Scorpion
41:44 Conscription
47:21 Chemistry
46:33 Double Crossbow
47:40 Ballistics
48:30 Crop Rotation
49:47 Siege Engineers
ELDIOSCHICHOLIN
3:47 Loom
16:25 Feudal Age
22:09 Castle Age
21:40 Fishing Lines
22:01 Double-Bit Axe
22:08 Gold Mining
25:13 Pikeman
31:50 Wheelbarrow
37:23 Imperial Age
35:10 Hand Cart
34:43 Town Watch
38:21 Ballistics
38:21 Fletching
Jefe ToroFumado
8:34 Loom
14:57 Feudal Age
21:32 Castle Age
20:26 Double-Bit Axe
22:11 Fishing Lines
22:53 Bow Saw
24:30 Town Watch
25:40 Medium Warships
28:57 Gillnets
29:09 Fletching
31:30 Scale Mail Armor
32:30 Squires
32:18 Gambesons
32:53 Chain Mail Armor
35:53 Imperial Age
35:27 Forging
36:35 Iron Casting
37:25 Plate Mail Armor
38:36 Arson
39:55 Blast Furnace
40:14 Conscription
42:51 Wheelbarrow
43:07 Cavalier
43:59 Bloodlines
45:33 Husbandry
45:42 Scale Barding Armor
46:41 Chain Barding Armor
46:54 Stirrups
46:22 Elite Konnik
46:49 Pikeman
47:47 Bodkin Arrow
47:51 Murder Holes
47:30 Halberdier
50:10 Bracer
Connection lost

Rejoining the realm…

Still unreachable

The connection could not be restored.

Session expired

The server has moved on; the page needs a fresh start.